Map: Deathaura LE

Players

liquidthermy (uThermal) - Winner!

  • Race: Terran Terran
  • Spawn Location: 11:00

Lambo

  • Race: Zerg Zerg
  • Spawn Location: 5:00

Event: DreamHack SC2 Masters 2020 Summer Europe

VOD

Have the link to the VOD?

Description

Time

  • Played on: July 7, 2020, 12:13 p.m.
  • Length: 35:51

All games in this series

Show
View Real Time Build Order
Export as new Build Order

liquidthermy Terran - Winner!

Build Orders: Reaper Expand 

Get SALT Encoding   

  12  0:01  SCV  
  13  0:13  SCV  
  14  0:17  Supply Depot  
  14  0:25  SCV  
  15  0:38  SCV  
  15  0:39  Barracks  
  16  0:43  Refinery  
  16  0:50  SCV  
  17  1:02  SCV  
  18  1:15  SCV  
  19  1:26  Reaper  
  19  1:27  Orbital Command  
  20  1:40  Command Center  
  20  1:49  Supply Depot  
  20  1:53  SCV  
  21  1:58  Marine  
  22  2:05  SCV  
  22  2:08  Factory  
  23  2:17  SCV  
  23  2:20  Barracks Reactor  
  24  2:29  SCV  
  25  2:41  SCV  
  26  2:45  Command Center  
  26  2:52  Orbital Command  
  26  2:53  SCV  
  27  3:00  Starport  
  27  3:05  SCV  
  27  3:07  Refinery  
  27  3:12  Hellion  
  30  3:17  SCV  
  30  3:18  SCV  
  32  3:21  Hellion  
  34  3:30  SCV x2  
  34  3:33  Hellion  
  38  3:42  SCV, Hellion  
  38  3:43  Fusion Core  
  38  3:45  SCV  
  42  3:48  Starport Tech Lab  
  42  3:54  SCV  
  45  3:56  Hellion  
  45  3:59  Orbital Command  
  45  4:01  SCV  
  46  4:04  Hellion  
  46  4:06  SCV  
  49  4:13  SCV  
  49  4:17  Supply Depot  
  49  4:18  SCV, Hellion  
  49  4:19  Supply Depot  
  52  4:25  SCV, Hellion  
  52  4:26  SCV  
  56  4:32  SCV  
  56  4:37  SCV  
  58  4:40  Hellion  
  58  4:41  Orbital Command  
  58  4:42  Battlecruiser  
  66  4:45  Refinery  
  66  4:47  SCV, Refinery  
  66  4:49  SCV, Supply Depot  
  66  4:51  Hellion  
  70  4:59  SCV  
  71  5:01  SCV, Supply Depot, Hellion  
  74  5:08  SCV  
  74  5:11  SCV  
  74  5:14  SCV, Hellion  
  79  5:20  SCV, Factory  
  80  5:21  Factory  
  80  5:23  SCV  
  80  5:25  Hellion  
  80  5:26  SCV, Supply Depot  
  84  5:32  SCV  
  85  5:36  SCV, Hellion  
  85  5:38  SCV  
  85  5:39  Refinery  
  85  5:41  Refinery  
  89  5:44  SCV  
  89  5:48  SCV  
  89  5:49  Battlecruiser  
  97  5:52  SCV  
  97  5:54  Supply Depot  
  97  5:55  Hellion  
  100  5:59  SCV  
  101  6:04  Factory Tech Lab x2  
  101  6:12  Supply Depot  
  101  6:15  SCV x3, Hellion, Engineering Bay  
  101  6:17  Supply Depot  
  108  6:18  Hellion  
  108  6:27  SCV  
  108  6:30  Mag-Field Accelerator, Infernal Pre-Igniter  
  109  6:33  Cyclone x2  
  109  6:34  SCV  
  109  6:35  Supply Depot  
  120  6:48  Supply Depot  
  120  6:50  SCV  
  120  6:52  Missile Turret  
  120  6:53  Missile Turret x2  
  121  6:55  Battlecruiser  
  121  6:59  Widow Mine x2  
  121  7:00  SCV, Supply Depot  
  128  7:05  Factory  
  128  7:10  Cyclone, Factory  
  128  7:12  Cyclone  
  134  7:24  Command Center  
  134  7:31  Missile Turret  
  134  7:32  Widow Mine x2  
  134  7:36  Supply Depot, Hi-Sec Auto Tracking  
  138  7:45  Cyclone, Command Center  
  138  7:48  Cyclone  
  144  7:52  Factory Tech Lab  
  144  7:55  Factory Reactor  
  143  8:00  Battlecruiser  
  143  8:03  Supply Depot  
  143  8:04  Widow Mine  
  151  8:10  Supply Depot  
  151  8:11  Missile Turret  
  151  8:13  Supply Depot  
  151  8:14  Cyclone  
  154  8:26  Armory x2  
  154  8:33  Cyclone x2  
  160  8:35  Hellion  
  160  8:40  Hellion  
  160  8:41  Hellion, Supply Depot  
  166  8:44  Weapon Refit  
  166  8:49  Cyclone  
  166  8:51  Hellion  
  166  8:52  Missile Turret  
  166  8:53  SCV  
  172  9:05  SCV x2  
  172  9:07  Orbital Command  
  174  9:13  Refinery  
  174  9:14  Planetary Fortress  
  180  9:20  Refinery  
  180  9:23  Hellion  
  180  9:24  Hellion  
  177  9:26  Thor x2  
  177  9:30  Thor  
  182  9:36  SCV x2  
  182  9:41  Missile Turret  
  174  9:56  Hellion x2  
  174  9:57  Hellion  
  159  10:01  SCV  
  159  10:03  Battlecruiser  
  159  10:05  Hellion  
  159  10:06  SCV  
  169  10:07  SCV  
  169  10:12  Missile Turret  
  169  10:14  Thor  
  176  10:20  SCV  
  173  10:27  SCV  
  174  10:30  SCV  
  174  10:32  SCV  
  176  10:42  Missile Turret x2  
  176  10:43  Missile Turret  
  176  10:44  Siege Tank x2  
  182  10:54  Terran Vehicle Weapons Level 1, Terran Vehicle And Ship Armor Level 1  
  186  10:57  SCV x2, Siege Tank  
  186  10:59  Drilling Claws  
  186  11:00  Missile Turret  
  186  11:02  Widow Mine  
  189  11:04  Widow Mine  
  189  11:05  Widow Mine  
  189  11:06  Widow Mine  
  182  11:12  SCV  
  182  11:18  Missile Turret x2  
  183  11:19  Missile Turret  
  183  11:20  Thor  
  183  11:22  SCV  
  183  11:23  SCV  
  191  11:29  SCV  
  189  11:37  Orbital Command  
  189  11:39  Hellion  
  180  11:40  Hellion, Siege Tank  
  180  11:42  Hellion  
  180  11:47  Hellion  
  187  11:49  Missile Turret  
  187  11:50  SCV  
  187  11:53  Thor  
  186  11:57  SCV  
  186  11:58  SCV  
  187  12:02  SCV  
  188  12:08  Hellion  
  188  12:17  Hellion  
  188  12:20  Hellion, Siege Tank x2  
  188  12:21  Hellion  
  167  12:28  SCV  
  138  12:30  Hellion  
  138  12:32  SCV  
  138  12:33  SCV  
  138  12:36  Siege Tank  
  131  12:38  Battlecruiser, Hellion  
  131  12:41  Hellion  
  131  12:43  Hellion  
  143  12:44  SCV  
  143  12:51  Hellion  
  143  12:52  Siege Tank x2  
  147  12:59  Hellion  
  147  13:03  Hellion  
  147  13:04  SCV  
  147  13:05  SCV, Hellion  
  131  13:06  SCV  
  131  13:08  Siege Tank  
  131  13:12  SCV  
  125  13:16  SCV  
  125  13:17  SCV  
  125  13:18  SCV  
  128  13:22  Terran Vehicle Weapons Level 2  
  128  13:24  SCV, Siege Tank x2  
  135  13:29  SCV x2  
  135  13:30  Widow Mine  
  135  13:31  Widow Mine  
  135  13:32  Widow Mine  
  143  13:34  Widow Mine  
  143  13:38  SCV  
  143  13:40  SCV, Cyclone  
  150  13:41  Missile Turret  
  150  13:44  Hellion x2, Missile Turret  
  150  13:45  Hellion x2  
  150  13:48  SCV  
  151  13:52  SCV, Widow Mine  
  154  13:56  Thor  
  160  14:03  Smart Servos  
  160  14:04  Thor  
  160  14:08  Hellion  
  160  14:12  SCV, Command Center, Siege Tank  
  160  14:13  SCV  
  160  14:14  Refinery  
  160  14:15  Command Center  
  160  14:16  Hellion  
  163  14:18  SCV  
  163  14:22  SCV  
  163  14:24  Hellion  
  163  14:29  SCV  
  163  14:30  Hellion  
  165  14:33  SCV x2  
  165  14:34  SCV  
  165  14:35  Command Center  
  168  14:39  Siege Tank  
  168  14:45  SCV  
  172  14:47  Siege Tank  
  172  14:48  Hellion, Siege Tank  
  178  14:53  Supply Depot  
  178  14:54  Widow Mine x2  
  180  15:00  Missile Turret, Terran Vehicle And Ship Armor Level 2  
  180  15:05  Hellion  
  182  15:09  Hellion  
  184  15:14  Thor  
  184  15:23  Siege Tank  
  184  15:24  Hellion  
  184  15:25  Hellion  
  185  15:34  Cyclone  
  186  15:36  Orbital Command  
  186  15:39  SCV  
  186  15:42  Hellion x7  
  191  15:44  SCV  
  190  15:50  Missile Turret  
  190  15:52  SCV, Refinery x2  
  190  15:55  Planetary Fortress, Cyclone  
  190  15:56  SCV  
  195  16:13  Thor  
  196  16:24  SCV, Missile Turret  
  197  16:30  Hellion  
  199  16:38  Thor  
  170  16:42  Thor  
  170  16:45  Hellion x3  
  170  16:46  SCV  
  164  16:51  SCV  
  163  16:55  Factory  
  163  16:56  Planetary Fortress, Factory  
  163  16:57  Factory  
  163  17:01  Cyclone  
  151  17:11  Hellion  
  151  17:14  SCV  
  139  17:17  Hellion x2  
  139  17:19  SCV  
  139  17:20  SCV  
  139  17:21  Cyclone  
  139  17:22  SCV  
  149  17:25  Thor  
  151  17:32  Hellion  
  151  17:33  Cyclone  
  151  17:34  SCV  
  147  17:41  SCV x3  
  147  17:44  SCV, Refinery, Missile Turret  
  143  17:45  Refinery  
  143  17:46  Missile Turret  
  143  17:48  Factory Tech Lab x2  
  143  17:50  SCV  
  144  17:51  SCV  
  144  17:53  Cyclone  
  148  18:05  SCV, Hellion x3, Cyclone  
  154  18:07  SCV  
  154  18:08  Cyclone  
  154  18:12  Hellion  
  163  18:13  Hellion  
  163  18:15  Siege Tank x2  
  163  18:17  SCV  
  169  18:26  Hellion x2  
  164  18:27  Hellion  
  164  18:31  SCV  
  164  18:32  Command Center  
  164  18:33  SCV  
  162  18:35  SCV, Widow Mine  
  162  18:37  Siege Tank  
  162  18:39  Widow Mine x2  
  162  18:40  Orbital Command  
  170  18:44  Siege Tank  
  170  18:47  Siege Tank  
  172  18:57  Cyclone  
  169  19:05  Widow Mine x2  
  169  19:06  SCV  
  176  19:10  Widow Mine  
  176  19:11  SCV  
  175  19:17  Thor x2  
  186  19:31  SCV  
  186  19:32  Command Center  
  186  19:44  Hellion, Siege Tank  
  191  19:49  SCV  
  190  20:08  Cyclone x2  
  190  20:09  Hellion  
  190  20:12  Hellion x2  
  198  20:16  Hellion, Siege Tank  
  198  20:21  Widow Mine  
  184  20:22  SCV  
  184  20:24  Missile Turret  
  185  20:37  SCV  
  185  20:41  Siege Tank x3  
  185  20:42  SCV  
  174  20:45  Planetary Fortress  
  174  20:48  SCV  
  169  20:50  SCV  
  169  20:52  SCV  
  171  20:57  Cyclone  
  171  21:00  Widow Mine  
  176  21:08  Unknown  
  176  21:09  Unknown  
  176  21:12  Cyclone  
  176  21:14  Missile Turret  
  179  21:21  Cyclone  
  182  21:29  Cyclone x3  
  182  21:30  Missile Turret  
  191  21:47  Cyclone  
  191  21:53  Cyclone  
  196  21:56  Planetary Fortress  
  196  21:57  Missile Turret  
  199  22:01  Cyclone  
  199  22:10  Missile Turret, Command Center  
  196  22:16  Command Center  
  196  22:19  Cyclone  
  199  22:40  Cyclone  
  199  22:41  Hellion, Cyclone x2  
  187  22:45  Siege Tank  
  187  22:46  Hellion x2  
  175  22:51  Siege Tank  
  156  23:04  Hellion x2  
  157  23:07  Widow Mine  
  157  23:12  Siege Tank  
  161  23:13  Cyclone x2  
  161  23:16  Widow Mine  
  161  23:17  Terran Vehicle Weapons Level 3, Cyclone  
  172  23:23  Cyclone  
  171  23:39  Hellion x2  
  166  23:44  Cyclone  
  166  23:45  SCV, Hellion x2, Cyclone x2  
  160  23:49  Cyclone, Orbital Command  
  160  23:52  Orbital Command  
  157  23:55  Cyclone  
  157  23:56  Advanced Ballistics  
  157  23:59  SCV  
  158  24:04  Missile Turret  
  158  24:09  Starport Reactor, Missile Turret  
  158  24:12  Missile Turret x2  
  158  24:16  Cyclone  
  161  24:17  Cyclone x2, Missile Turret  
  161  24:19  Hellion  
  161  24:22  Cyclone  
  172  24:27  Cyclone  
  165  24:48  Cyclone  
  165  24:49  Cyclone x2  
  173  24:54  Cyclone  
  173  24:56  Hellion, Liberator x2  
  173  24:59  Cyclone, Terran Vehicle And Ship Armor Level 3  
  178  25:11  Hellion x2  
  182  25:21  Cyclone x2  
  180  25:24  Factory Reactor  
  180  25:28  Cyclone, Starport  
  161  25:29  Starport  
  161  25:39  Liberator x2  
  161  25:42  Cyclone x2  
  177  25:43  Hellion x2  
  177  25:46  Missile Turret  
  177  25:53  Siege Tank  
  177  25:55  Siege Tank  
  183  26:00  Siege Tank  
  183  26:02  Hellion x3  
  183  26:03  Hellion  
  194  26:05  Hellion  
  194  26:12  Hellion  
  194  26:14  Siege Tank  
  194  26:17  Siege Tank  
  200  26:22  Command Center, Refinery  
  200  26:24  Hellion, Refinery  
  200  26:25  Siege Tank  
  196  26:26  Orbital Command  
  196  26:27  Siege Tank  
  196  26:32  Missile Turret  
  199  26:37  Missile Turret  
  199  27:08  Refinery  
  199  27:11  Refinery  
  199  27:12  Missile Turret  
  199  27:20  Missile Turret  
  199  27:39  Orbital Command  
  199  27:43  Command Center  
  199  27:45  Missile Turret  
  198  27:53  Siege Tank x4  
  198  27:54  Siege Tank  
  198  27:55  Hellion  
  198  27:56  Hellion x2  
  198  27:57  Hellion x3  
  182  29:05  Command Center  
  182  29:07  Command Center  
  182  29:08  Command Center  
  182  29:09  Hellion x4  
  177  29:17  Cyclone  
  177  29:18  Cyclone  
  177  29:19  Orbital Command  
  177  29:21  Cyclone  
  186  29:38  Cyclone  
  186  29:41  Missile Turret  
  189  29:45  Missile Turret  
  189  29:46  Hellion  
  189  29:48  Missile Turret  
  181  30:09  Missile Turret  
  178  30:30  Cyclone x3  
  178  30:31  Cyclone  
  178  30:33  Hellion x3, Orbital Command x2  
  196  30:39  Orbital Command  
  192  30:43  Hellion  
  192  30:44  Liberator x2  
  197  30:51  Terran Ship Weapons Level 1  
  195  30:59  Neosteel Armor  
  195  31:02  Cyclone  
  198  31:09  Starport Reactor x2  
  198  31:34  Sensor Tower  
  198  31:51  Liberator  
  198  32:07  Cyclone x2  
  177  32:09  Hellion, Cyclone x2  
  177  32:10  Hellion x3  
  177  32:11  Hellion x2, Cyclone  
  169  32:31  Hellion x2  
  169  32:32  Hellion  
  169  32:33  Liberator x2  
  178  32:39  Cyclone x2  
  178  32:41  Cyclone x2  
  178  32:43  Cyclone  
  186  32:45  Liberator  
  186  32:47  Liberator  
  183  32:58  Hellion x2  
  183  33:01  Liberator x2  
  183  33:03  Hellion x2  
  183  33:04  Hellion x2  
  197  33:09  Orbital Command  
  197  33:11  Cyclone, Missile Turret  
  200  33:17  Missile Turret  
  200  33:38  Missile Turret  
  200  33:44  Missile Turret  
  200  34:04  Missile Turret  
  184  34:18  Liberator  
  184  34:24  Liberator  
  178  34:27  Liberator  
  178  34:34  Hellion, Cyclone x2  
  186  34:45  Cyclone  
  189  34:48  Cyclone  
Show
View Real Time Build Order
Export as new Build Order

Lambo Zerg 

Build Orders: Hatch First, Muta Ling Bane 

Get SALT Encoding   

  12  0:00  Drone  
  13  0:12  Overlord  
  13  0:16  Drone  
  14  0:30  Drone x2  
  16  0:47  Hatchery  
  15  0:51  Drone  
  15  0:55  Drone  
  17  0:58  Drone  
  18  1:09  Extractor  
  17  1:12  Spawning Pool  
  17  1:15  Drone  
  17  1:18  Drone  
  18  1:28  Drone  
  19  1:39  Drone  
  20  1:50  Overlord  
  20  1:59  Queen x2  
  20  2:00  Zergling x4  
  26  2:10  Drone  
  26  2:11  Drone  
  26  2:12  Metabolic Boost  
  28  2:21  Drone x2  
  30  2:39  Hatchery  
  30  2:40  Drone x2  
  31  2:45  Drone  
  31  2:48  Overlord  
  32  2:52  Queen  
  32  2:56  Drone  
  35  3:02  Drone  
  36  3:07  Drone x2  
  36  3:10  Drone x2  
  36  3:11  Queen  
  42  3:15  Overlord  
  42  3:22  Drone x2  
  44  3:31  Overlord  
  44  3:33  Queen, Drone  
  47  3:35  Drone  
  47  3:41  Drone x2  
  49  3:42  Zergling x2  
  49  3:48  Lair  
  51  3:55  Drone x4  
  54  3:56  Queen  
  54  3:58  Extractor  
  55  4:05  Drone x6  
  61  4:13  Queen  
  61  4:14  Overlord  
  63  4:18  Zergling x4  
  63  4:22  Overlord  
  65  4:26  Overlord, Extractor x2  
  65  4:30  Overlord  
  63  4:32  Drone x3  
  63  4:36  Drone x2  
  68  4:43  Zergling x4  
  68  4:44  Drone x2  
  72  4:46  Drone  
  72  4:47  Baneling Nest  
  72  4:50  Drone x2, Spire  
  73  4:52  Spore Crawler  
  73  4:54  Zergling x2  
  73  4:58  Drone x3  
  73  4:59  Drone  
  77  5:02  Spore Crawler  
  77  5:04  Overseer  
  76  5:07  Drone x4  
  76  5:10  Drone, Extractor  
  76  5:11  Drone, Extractor  
  80  5:17  Drone  
  80  5:21  Drone x2  
  83  5:29  Drone  
  83  5:32  Centrifical Hooks  
  83  5:35  Zergling x8  
  87  5:37  Queen  
  87  5:38  Hatchery, Baneling x4  
  88  5:43  Zergling x8  
  88  5:47  Baneling  
  92  5:58  Spore Crawler  
  92  6:03  Zergling x14  
  97  6:05  Overlord  
  97  6:15  Zerg Flyer Weapons Level 1  
  97  6:22  Mutalisk  
  97  6:23  Overlord  
  97  6:24  Zergling x16  
  105  6:34  Overlord  
  105  6:35  Evolution Chamber  
  105  6:36  Evolution Chamber  
  105  6:39  Overlord  
  103  6:41  Drone x2  
  103  6:42  Hatchery  
  104  6:47  Mutalisk x4  
  104  6:51  Drone  
  104  6:52  Overlord x2  
  113  6:55  Overlord  
  113  6:58  Overlord  
  113  7:00  Drone x5  
  118  7:03  Zerg Ground Armor Level 1  
  118  7:04  Mutalisk, Zerg Melee Weapons Level 1  
  118  7:07  Drone  
  121  7:12  Mutalisk  
  125  7:15  Drone x3  
  125  7:17  Mutalisk x3, Extractor  
  125  7:20  Extractor  
  125  7:21  Mutalisk  
  132  7:23  Drone x3  
  132  7:25  Drone  
  132  7:29  Mutalisk x2  
  138  7:35  Drone  
  141  7:39  Mutalisk  
  141  7:41  Drone  
  141  7:42  Spore Crawler, Drone x4  
  147  7:46  Mutalisk x2  
  147  7:47  Drone x2  
  153  7:59  Drone x6  
  159  8:06  Overlord, Drone  
  159  8:09  Hatchery  
  159  8:10  Overlord  
  159  8:13  Zerg Flyer Weapons Level 2  
  159  8:15  Drone  
  159  8:18  Overlord, Spine Crawler  
  159  8:23  Overlord  
  159  8:27  Overlord, Mutalisk x4  
  159  8:29  Mutalisk x2  
  159  8:32  Drone x3  
  159  8:34  Queen  
  174  8:36  Mutalisk x2  
  180  8:44  Mutalisk  
  180  8:45  Mutalisk  
  180  8:46  Overlord  
  180  8:48  Zergling x6  
  187  8:51  Mutalisk  
  187  8:54  Mutalisk  
  191  8:57  Hatchery  
  188  9:04  Corruptor  
  188  9:05  Corruptor  
  191  9:11  Zergling x16  
  191  9:15  Overlord  
  199  9:25  Overseer  
  199  9:26  Pneumatized Carapace  
  199  9:34  Baneling x12  
  199  9:35  Zergling x4  
  199  9:40  Corruptor  
  199  9:43  Baneling x9  
  199  9:44  Hatchery  
  198  9:46  Extractor  
  198  9:48  Extractor  
  169  10:00  Zergling x42  
  169  10:02  Baneling x13  
  169  10:05  Drone x2  
  192  10:09  Hatchery  
  192  10:10  Baneling x9  
  192  10:12  Zergling x8  
  196  10:22  Baneling x6  
  196  10:23  Hatchery, Zerg Melee Weapons Level 2  
  196  10:27  Zergling x2  
  196  10:28  Zergling x8  
  192  10:38  Drone x7  
  197  10:48  Zerg Flyer Armor Level 1  
  197  10:49  Infestation Pit  
  196  10:51  Baneling x13  
  196  10:55  Drone x3  
  199  11:01  Spine Crawler  
  195  11:05  Zergling x2  
  195  11:06  Zergling x14  
  192  11:16  Zergling x2  
  192  11:17  Zergling x18  
  200  11:29  Zergling x10  
  186  11:34  Zergling x20  
  186  11:37  Zergling x2  
  186  11:38  Zergling x2, Overseer  
  187  11:40  Baneling x10  
  187  11:41  Zergling x4  
  187  11:43  Baneling x15  
  187  11:47  Zergling x14  
  196  11:49  Baneling x5  
  196  11:50  Baneling x7  
  196  11:52  Zergling x2  
  197  11:56  Zergling x4  
  197  11:57  Baneling x8  
  199  12:07  Zergling x2, Baneling x5  
  196  12:19  Zergling x26  
  196  12:21  Zergling x8  
  170  12:26  Zergling x2  
  170  12:27  Corruptor x4  
  170  12:28  Corruptor  
  148  12:31  Corruptor x3  
  148  12:35  Corruptor x2  
  149  12:38  Zergling x4  
  149  12:42  Corruptor  
  151  12:47  Baneling x3  
  145  12:53  Zergling x20  
  150  13:05  Zergling x20  
  148  13:07  Zergling x4  
  149  13:15  Roach Warren  
  149  13:19  Drone  
  149  13:21  Zergling x12  
  149  13:22  Baneling x3  
  149  13:24  Baneling x5  
  149  13:25  Baneling  
  155  13:32  Zergling x14  
  158  13:38  Drone x3  
  158  13:39  Drone  
  158  13:41  Zerg Missile Weapons Level 1  
  162  13:51  Baneling x5  
  161  13:59  Drone x11  
  163  14:12  Roach x11  
  163  14:14  Hive  
  163  14:15  Spine Crawler  
  184  14:21  Unknown  
  184  14:22  Unknown  
  184  14:23  Roach x3  
  183  14:31  Zerg Ground Armor Level 2  
  181  14:36  Ravager  
  181  14:37  Ravager  
  184  14:38  Ravager x2  
  184  14:40  Hatchery  
  184  14:42  Baneling x14  
  184  14:44  Ravager x3  
  187  14:52  Drone x7  
  188  14:53  Ravager x4  
  188  14:54  Ravager x3, Overseer  
  188  14:57  Zergling x2  
  188  14:58  Zergling x14  
  196  15:02  Spine Crawler  
  196  15:05  Zerg Flyer Armor Level 2  
  195  15:10  Drone x3  
  194  15:18  Drone x5  
  194  15:19  Spore Crawler  
  192  15:23  Baneling x7  
  188  15:29  Pathogen Glands  
  188  15:32  Drone x3  
  191  15:36  Queen x2  
  195  15:45  Queen  
  193  15:58  Baneling x13  
  193  15:59  Zergling x12  
  199  16:09  Overlord  
  190  16:11  Overlord  
  190  16:14  Overlord x2  
  185  16:25  Drone x8  
  185  16:29  Zergling x2  
  185  16:30  Zergling x12  
  194  16:36  Zergling x4  
  194  16:39  Roach x3  
  180  16:45  Roach x2  
  179  16:47  Roach x4  
  179  16:49  Baneling x2  
  179  16:50  Baneling x10  
  184  16:56  Roach x2  
  184  16:58  Roach  
  184  16:59  Roach x3  
  194  17:02  Ravager  
  194  17:03  Zergling x2, Glial Reconstitution  
  194  17:06  Zergling x2  
  183  17:10  Roach x4  
  183  17:12  Ravager x2  
  183  17:15  Drone x2  
  168  17:18  Zergling x14, Roach  
  168  17:19  Zergling x2  
  168  17:20  Ravager x10  
  168  17:21  Ravager  
  185  17:25  Zergling x12  
  186  17:30  Hatchery  
  186  17:35  Zergling x8  
  182  17:41  Ravager x2  
  182  17:42  Ravager x3  
  182  17:44  Drone x5  
  187  17:53  Zergling x2  
  187  17:54  Zergling x4  
  190  18:00  Zergling x4  
  190  18:01  Zergling x2  
  190  18:10  Zergling x8  
  186  18:17  Drone x2  
  187  18:47  Hatchery  
  179  18:49  Baneling x10  
  179  18:53  Zergling x4  
  176  19:02  Drone x6  
  165  19:25  Burrow, Neural Parasite  
  165  19:28  Infestor x4  
  173  19:35  Hatchery  
  173  19:36  Infestor x3  
  173  19:38  Extractor  
  177  19:39  Extractor  
  173  19:46  Infestor x3  
  173  19:51  Zergling x2  
  173  19:52  Zergling x4  
  181  20:03  Zergling x16  
  180  20:20  Spine Crawler  
  177  20:22  Spine Crawler  
  177  20:23  Spine Crawler  
  177  20:24  Infestor x2  
  177  20:26  Roach  
  177  20:27  Roach x2  
  175  20:43  Zergling x22  
  182  20:50  Overseer  
  182  20:57  Ravager  
  182  20:58  Ravager x2  
  182  21:02  Hatchery  
  184  21:14  Greater Spire  
  184  21:36  Zergling x20, Baneling x7  
  184  21:37  Roach x2  
  188  22:04  Zergling x12  
  188  22:05  Zergling x8  
  198  22:16  Baneling x8  
  198  22:22  Zergling x8  
  200  22:30  Infestor  
  200  22:36  Zergling x2  
  141  22:45  Roach x14  
  141  22:51  Roach x4  
  169  23:01  Overlord x3  
  148  23:19  Zerg Melee Weapons Level 3, Zerg Missile Weapons Level 2  
  148  23:29  Lair  
  148  23:30  Roach Warren, Roach  
  148  23:31  Roach  
  142  23:43  Overlord x3  
  138  23:59  Overlord  
  138  24:01  Extractor x2  
  136  24:03  Ravager x6  
  136  24:04  Overlord  
  136  24:05  Zergling x4  
  136  24:07  Overlord  
  144  24:14  Overlord  
  144  24:17  Queen x2  
  144  24:20  Overlord  
  144  24:22  Ravager x5  
  153  24:24  Overlord, Infestor x3  
  153  24:29  Spine Crawler, Drone x3  
  161  24:32  Spine Crawler  
  157  24:39  Zergling x6  
  151  24:57  Zergling x6  
  148  25:07  Zergling x6  
  140  25:31  Roach x3  
  140  25:32  Lair  
  146  25:36  Infestation Pit  
  146  25:37  Roach x3  
  146  25:38  Queen  
  146  25:39  Queen  
  146  25:41  Hatchery  
  158  25:50  Roach x4  
  158  25:53  Ravager  
  158  25:54  Ravager  
  164  26:00  Spawning Pool, Ravager x4  
  167  26:08  Overlord x3  
  167  26:09  Overlord  
  166  26:27  Ravager  
  166  26:28  Ravager x2  
  166  26:29  Drone x4  
  166  26:30  Drone x2  
  174  26:41  Hive  
  174  26:44  Roach x6  
  186  26:54  Zergling x4, Roach  
  190  26:57  Zergling x2  
  190  27:00  Queen  
  190  27:01  Infestor  
  197  27:12  Ravager x3  
  197  27:13  Drone  
  197  27:14  Overlord  
  190  27:53  Infestor x8  
  190  27:54  Infestor  
  199  28:05  Roach Warren  
  196  28:06  Infestor x3  
  196  28:07  Overlord, Infestor x5  
  196  28:08  Overlord x2  
  196  28:16  Infestor x7  
  196  28:17  Infestor x7  
  196  28:33  Zergling x10  
  199  28:40  Infestor  
  184  28:46  Zergling x22  
  194  28:58  Zergling x8  
  194  28:59  Zergling x4  
  192  29:20  Roach x2  
  192  29:21  Roach x2  
  200  29:26  Overlord  
  200  29:43  Drone x5  
  200  29:44  Overlord  
  200  29:45  Overlord  
  197  29:50  Drone x5  
  197  29:56  Spire  
  196  30:00  Queen  
  198  30:12  Ravager  
  195  30:59  Ravager x4  
  199  31:16  Greater Spire  
  199  31:39  Extractor  
  156  32:08  Roach x2  
  156  32:09  Roach x5  
  156  32:12  Zergling x8  
  168  32:20  Zergling x6  
  168  32:21  Roach x5  
  143  32:29  Ravager x3  
  137  32:37  Roach x3  
  140  32:38  Spawning Pool, Ravager x5  
  135  33:04  Extractor  
  135  33:05  Roach x3  
  140  33:06  Ravager x4  
  140  33:07  Ravager x4  
  140  33:12  Hatchery  
  147  33:26  Spawning Pool, Roach x3  
  152  33:27  Ravager x3  
  152  33:31  Roach  
  152  33:32  Roach x5  
  167  33:45  Roach  
  169  34:02  Ravager x4  
  172  34:18  Zergling x12  
  172  34:30  Roach x2  
  155  34:34  Ravager x6  
  155  34:35  Zergling x2  
  150  35:01  Overlord  
  150  35:02  Overlord x4  
  71  35:29  Roach  
Tags
 
Add a new tag
Caveats
  • Supply blocks, unpowered buildings, or Contaminate may cause inaccurate times.
  • Supply counts are checked every 10 seconds.